 Dungeon Crawl Stone Soup version 0.29.0-4-gdea44cf6ec (webtiles) character file.

Game seed: 10165306244962433331

109 qw the Chopper (level 4, -1/26 HPs)
             Began as a Tengu Warper on Aug 28, 2022.
             Succumbed to an adder's poison
             ... on level 2 of the Dungeon.
             The game lasted 00:00:06 (1806 turns).

qw the Chopper (Tengu Warper)                       Turns: 1806, Time: 00:00:07

Health: -1/26      AC:  6    Str: 14    XL:     4   Next: 89%
Magic:  8/8        EV: 11    Int: 13    God:
Gold:   41         SH:  0    Dex: 13    Spells: 7/7 levels left

rFire   . . .      SeeInvis .   Y - +0 hand axe
rCold   . . .      Faith    .   (no shield)
rNeg    . . .      Spirit   .   h - +0 ring mail
rPois   .          Reflect  .   (helmet restricted)
rElec   .          Harm     .   g - +0 cloak
rCorr   .          Rampage  .   (no gloves)
Will    .....                   (boots unavailable)
Stlth   +.........              (no amulet)
HPRegen 0.08/turn               (no ring)
MPRegen 0.11/turn               (no ring)

@: lethally poisoned (-1 -> -8)
A: beak, talons 3
a: no special abilities


You were on level 2 of the Dungeon.
You visited 1 branch of the dungeon, and saw 2 of its levels.

You collected 41 gold pieces.


Innate Abilities, Weirdness & Mutations

You have a beak for a mouth.
You have claws for feet.


   Skills:
 - Level 2.0 Fighting
 + Level 5.4 Axes
 - Level 1.0 Throwing
 - Level 1.1 Armour
 - Level 2.1 Dodging
 - Level 2.0 Spellcasting
 - Level 2.4 Translocations


You had 7 spell levels left.
You didn't know any spells.
Your spell library contained the following spells:

 Spells                   Type           Power      Damage    Failure   Level
 Blink                    Tloc           14%        N/A       30%         2
 Gell's Gravitas          Tloc           7%         N/A       52%         3
 Lesser Beckoning         Tloc           7%         N/A       52%         3
 Teleport Other           Tloc           7%         N/A       52%         3
 Manifold Assault         Tloc           7%         N/A       99%         5

Inventory:

Hand Weapons
 f - a +0 mace
 Y - a +0 hand axe (weapon)
Armour
 g - a +0 cloak (worn)
 h - a +0 ring mail (worn)
Potions
 d - 2 potions of curing

Dungeon Overview and Level Annotations

Branches:
Dungeon (2/15)

Altars:


Message History

You closely miss Natasha. Your kick misses Natasha. Your peck misses Natasha.
Natasha claws you but does no damage.
You barely miss Natasha. Your kick misses Natasha. You peck Natasha.
Natasha is moderately wounded.
Natasha claws you.
You barely miss Natasha. Your peck misses Natasha.
Natasha is moderately wounded.
Natasha casts a spell at you. The magic dart hits you!
You hit Natasha. Your peck misses Natasha.
Natasha is heavily wounded.
Natasha mumbles some strange words.
You feel troubled. Natasha completely misses you.
You hit Natasha. You claw Natasha, but do no damage.
Natasha is severely wounded.
Natasha barely misses you.
You hit Natasha.
You kill Natasha!
You feel Natasha's spirit has finally been put to rest.
The adder closely misses you.
You barely miss the adder. Your peck misses the adder.
The adder bites you but does no damage.
You miss the adder. Your kick misses the adder. You peck the adder.
The adder is lightly wounded.
The adder bites you.
You slash the adder! You peck the adder, but do no damage.
The adder is almost dead.
The adder bites you. The adder bites you but does no damage.
You barely miss the adder. Your kick misses the adder.
The adder is almost dead.
The adder barely misses you.
You barely miss the adder. You claw the adder, but do no damage.
The adder is almost dead.
The adder barely misses you. The adder bites you.
You are lethally poisoned!
The adder poisons you!
You hit the adder.
The adder is almost dead.
You die...

h... #. S... #. .
....... .......#.
... ..... ....
...## ## .....
#..## ..
......###..###.##.#
......S@.......##.#
......#####.#####.#
..... #..# #.# ....
##.## #.# ...
#..###.# ..
##...#.###### #
#########.........
#........##.#####.
.........##.#


You could see an adder.

Vanquished Creatures
  Natasha (thrice) (D:2)
  An adder (D:2)
  A dart slug (D:1)
  3 endoplasms (D:1)
  2 giant cockroaches
  A goblin (D:1)
  A hobgoblin (D:1)
  2 kobolds (D:1)
  5 ball pythons
  6 bats
  A frilled lizard (D:1)
  2 rats
28 creatures vanquished.

Notes
Turn   | Place    | Note
-------+----------+-------------------------------------------
     0 | D:1      | qw the Tengu Warper began the quest for the Orb.
     0 | D:1      | Reached XP level 1. HP: 12/12 MP: 4/4
     0 | D:1      | 0 ||| qw: Version: 0.1-a-89-g26bdef1
     0 | D:1      | 0 ||| qw: Game counter: 257
     0 | D:1      | 0 ||| qw: Always use a shield: true
     0 | D:1      | 0 ||| qw: God list: Okawaru
     0 | D:1      | 0 ||| qw: Allow faded altars: false
     0 | D:1      | 0 ||| qw: Do Orc after D:15 true
     0 | D:1      | 0 ||| qw: Do second Lair branch before Depths: true
     0 | D:1      | 0 ||| qw: Lair rune preference: random
     0 | D:1      | 0 ||| qw: Plans: Normal
     0 | D:1      | 0 ||| PLANNING D:1-11
   206 | D:1      | Reached skill level 3 in Axes
   206 | D:1      | Reached XP level 2. HP: 16/17 MP: 6/6
   637 | D:1      | Found a faded altar of an unknown god.
   657 | D:1      | 657 ||| Stepping ~*~*~tactically~*~*~ (stealth).
   658 | D:1      | 658 ||| Stepping ~*~*~tactically~*~*~ (stealth).
   660 | D:1      | 660 ||| Stepping ~*~*~tactically~*~*~ (stealth).
   667 | D:1      | 667 ||| Stepping ~*~*~tactically~*~*~ (stealth).
   668 | D:1      | 668 ||| Stepping ~*~*~tactically~*~*~ (stealth).
   670 | D:1      | 670 ||| Stepping ~*~*~tactically~*~*~ (stealth).
   674 | D:1      | 674 ||| Stepping ~*~*~tactically~*~*~ (stealth).
   675 | D:1      | 675 ||| Stepping ~*~*~tactically~*~*~ (stealth).
  1108 | D:1      | 1108 ||| UPGRADING to +0 cloak.
  1113 | D:1      | 1113 ||| UPGRADING to +0 ring mail.
  1123 | D:1      | 1123 ||| DROPPING +0 leather armour.
  1124 | D:1      | 1124 ||| DROPPING scarf of invisibility.
  1125 | D:1      | 1125 ||| READING scroll labelled XAAPHY SAYRCHI.
  1126 | D:1      | 1126 ||| DRINKING 3 brown potions.
  1127 | D:1      | 1127 ||| DROPPING scroll of blinking.
  1205 | D:2      | Noticed Natasha
  1210 | D:2      | Killed Natasha
  1211 | D:2      | Reached skill level 4 in Axes
  1211 | D:2      | Reached XP level 3. HP: 21/21 MP: 7/7
  1417 | D:2      | Noticed Natasha
  1427 | D:2      | HP: 4/21 [Natasha/magic dart (4)]
  1428 | D:2      | Killed Natasha
  1429 | D:2      | Reached XP level 4. HP: 5/26 MP: 8/8
  1715 | D:2      | Reached skill level 5 in Axes
  1786 | D:2      | Noticed Natasha
  1787 | D:2      | 1787 ||| Stepping ~*~*~tactically~*~*~ (hiding).
  1797 | D:2      | HP: 6/26 [Natasha/magic dart (12)]
  1800 | D:2      | Killed Natasha
  1802 | D:2      | HP: 5/26 [adder (1)]
  1805 | D:2      | HP: 1/26 [adder (3)]
  1806 | D:2      | Succumbed to an adder's poison

Levels and vault maps discovered:
D:1:      saegor_arrival_simple_d, layout_basic,
          hellmonk_ecumenical_altar_slurped_away
D:2:      layout_basic, uniq_natasha, uniq_robin

Skill      XL: |  1  2  3  4 |
---------------+-------------+-----
Axes           | 3 4 5 |  5.4
Fighting       | |  2.0
Throwing       | |  1.0
Armour         | |  1.1
Dodging        | |  2.1
Spellcasting   | |  2.0
Translocations | |  2.4

Action                   |  1- 3 |  4- 6 || total
-------------------------+-------+-------++-------
Melee: Hand axe          |    46 |    28 ||    74
       Kick              |    13 |     7 ||    20
       Peck              |    12 |     4 ||    16
Throw: Boomerang         |     7 |       ||     7
  Use: Scroll            |     1 |       ||     1
       Potion            |     1 |       ||     1
Armor: Leather armour    |     5 |       ||     5
       Ring mail         |     1 |    13 ||    14
Dodge: Dodged            |    22 |     9 ||    31

Table legend:
 A = Non-vault XP
 B = Vault XP
 C = Vault XP percentage of total XP
 D = Non-vault monster count
 E = Vault monster count
 F = Vault count percentage of total count
                 A         B        C        D         E       F
            +---------+---------+-------+---------+---------+-------
      Total |     119 |      37 |  23.7 |      26 |       2 |   7.1
            +---------+---------+-------+---------+---------+-------
        D:1 |      30 |       2 |   6.2 |      19 |       1 |   5.0
        D:2 |      89 |      35 |  28.2 |       7 |       1 |  12.5
            +---------+---------+-------+---------+---------+-------
